 Dungeon Crawl Stone Soup version 0.31-a0-217-g58bb5d79cf (webtiles) character file.

Game seed: 12683511153157211457

21 qw the Shooter (level 2, -7/24 HPs)
             Began as a Minotaur Hexslinger on July 2, 2023.
             Mangled by a gnoll
             ... wielding a +0 club
              (8 damage)
             ... on level 1 of the Dungeon.
             The game lasted 00:00:11 (246 turns).

qw the Shooter (Minotaur Hexslinger)                 Turns: 246, Time: 00:00:11

Health: -7/24      AC:  2    Str: 12    XL:     2   Next: 65%
Magic:  2/2        EV: 12    Int: 10    God:
Gold:   25         SH:  0    Dex: 12    Spells: 2/3 levels left

rFire   . . .        a - +1 sling
rCold   . . .        (no shield)
rNeg    . . .        c - +0 robe
rPois   .            (helmet restricted)
rElec   .            (no cloak)
rCorr   .            (no gloves)
SInv    .            (no boots)
Will    .....        (no amulet)
Stlth   +            (no ring)
HPRegen 0.24/turn    (no ring)
MPRegen 0.08/turn

%: no passive effects
@: no status effects
A: horns 2, retaliatory headbutt
a: no special abilities


You were on level 1 of the Dungeon.
You visited 1 branch of the dungeon, and saw 1 of its levels.

You collected 25 gold pieces.


Innate Abilities, Weirdness & Mutations

You have a pair of horns on your head.
You reflexively headbutt those who attack you in melee.


   Skills:
 - Level 2.0 Fighting
 + Level 3.3 Ranged Weapons
 - Level 2.1 Dodging
 - Level 1.0 Spellcasting
 - Level 2.0 Hexes


You had 2 spell levels left.
You knew the following spells:

 Your Spells              Type           Power      Damage    Failure   Level
a - Slow                  Hex            16%        N/A       16%         1

Your spell library contained the following spells:

 Spells                   Type           Power      Damage    Failure   Level
 Inner Flame              Hex/Fire       2%         N/A       56%         3
 Portal Projectile        Hex/Tloc       4%         N/A       56%         3
 Cause Fear               Hex            2%         N/A       83%         4

Inventory:

Hand Weapons
 a - a +1 sling (weapon)
Armour
 c - a +0 robe (worn)
Scrolls
 b - a scroll of poison
 d - 2 scrolls of teleportation {unknown}
Potions
 e - a potion of curing {unknown}

Dungeon Overview and Level Annotations

Branches:
Dungeon (1/15)

Altars:


Message History

You shoot a sling bullet. The sling bullet hits the goblin.
The goblin shouts!
The goblin is almost dead.
A gnoll comes into view. It is wielding a +0 club.
A ball python comes into view.
You shoot a sling bullet.
The sling bullet completely misses the goblin.
The gnoll shouts!
You shoot a sling bullet. The sling bullet hits the goblin!
You kill the goblin!
You shoot a sling bullet.
The sling bullet completely misses the gnoll.
You shoot a sling bullet.
The sling bullet closely misses the gnoll.
You shoot a sling bullet.
The sling bullet barely misses the ball python.
The ball python barely misses you. The ball python misses you.
You shoot a sling bullet.
The sling bullet closely misses the gnoll.
The ball python bites you but does no damage.
The ball python grabs you. The ball python constricts you.
The gnoll hits you with a +0 club. The ball python barely misses you.
You furiously retaliate!
You headbutt the ball python. The ball python constricts you.
You shoot a sling bullet. The sling bullet hits the ball python.
You kill the ball python!
The gnoll barely misses you. The gnoll hits you with a +0 club.
You shoot a sling bullet. The sling bullet hits the gnoll.
The gnoll is moderately wounded.
The gnoll hits you with a +0 club.
You shoot a sling bullet.
The sling bullet closely misses the gnoll.
The gnoll hits you with a +0 club.
You shoot a sling bullet.
The sling bullet barely misses the gnoll.
The gnoll hits you with a +0 club.
You shoot a sling bullet.
The sling bullet closely misses the gnoll.
The gnoll hits you with a +0 club!
You die...

#.##......# .....!...#
.... ... ...).....#
....###.# .# ........#
....(...##.# .#.......#
.##.....##.##.#.......#
..............#..g....#
........##....#.@.....#
#.....#........######
#..%...........#
#..##.#........####
###.###.#.##.##.#...#
#..%###.#..#.#....#.#
..#.%...##.#.#.#.##.#
###.....##.).....##.#
#.....##..#.##.##.#


You could see a gnoll.

Vanquished Creatures
  A ball python (D:1)
  An endoplasm (D:1)
  A giant cockroach (D:1)
  2 goblins (D:1)
  3 hobgoblins (D:1)
  3 quokkas (D:1)
  2 bats (D:1)
  A frilled lizard (D:1)
  2 kobolds (D:1)
  2 rats (D:1)
18 creatures vanquished.

Notes
Turn   | Place    | Note
-------+----------+-------------------------------------------
     0 | D:1      | qw the Minotaur Hexslinger began the quest for the Orb.
     0 | D:1      | Reached XP level 1. HP: 16/16 MP: 1/1
     0 | D:1      | 0 ||| qw: Version: 0.3-a-40-ge99b1a8
     0 | D:1      | 0 ||| qw: Game counter: 173
     0 | D:1      | 0 ||| qw: Melee chars always use a shield: true
     0 | D:1      | 0 ||| qw: God list: Okawaru
     0 | D:1      | 0 ||| qw: Allow faded altars: false
     0 | D:1      | 0 ||| qw: Do Orc after clearing Dungeon:15 true
     0 | D:1      | 0 ||| qw: Do second Lair branch before Depths: true
     0 | D:1      | 0 ||| qw: Lair rune preference: random
     0 | D:1      | 0 ||| qw: Goals: Normal
     0 | D:1      | 0 ||| PLANNING D:1-11
    18 | D:1      | HP: 4/16 [giant cockroach (1)]
    20 | D:1      | 20 ||| FLEEEEING.
   107 | D:1      | Reached skill level 3 in Ranged Weapons
   107 | D:1      | Reached XP level 2. HP: 23/23 MP: 2/2
   245 | D:1      | HP: 1/24 [gnoll/+0 club (6)]
   246 | D:1      | Mangled by a gnoll

Levels and vault maps discovered:
D:1:      minmay_arrival_diagonal_passages, layout_rooms

Skill      XL: |  1  2 |
---------------+-------+-----
Ranged Weapons | 3 |  3.3
Fighting       | 2 |  2.0
Dodging        | |  2.1
Spellcasting   | |  1.0
Hexes          | |  2.0

Action                     || total
---------------------------++-------
   Fire: Sling             ||    55
 Armour: Robe              ||     6
  Dodge: Dodged            ||    16

Table legend:
 A = Non-vault XP
 B = Vault XP
 C = Vault XP percentage of total XP
 D = Non-vault monster count
 E = Vault monster count
 F = Vault count percentage of total count
                 A         B        C        D         E       F
            +---------+---------+-------+---------+---------+-------
      Total |      31 |       0 |   0.0 |      18 |       0 |   0.0
            +---------+---------+-------+---------+---------+-------
        D:1 |      31 |       0 |   0.0 |      18 |       0 |   0.0
            +---------+---------+-------+---------+---------+-------
